 Dungeon Crawl Stone Soup version 0.26-a0-1021-gda264ca44c (webtiles) character file.

Game seed: 9539036603045706757

21707 timneilson the Thaumaturge (level 12, -3/102 HPs)
             Began as a Deep Elf Conjurer on Dec 8, 2020.
             Was an Elder of Vehumet.
             Slain by an ice dragon (5 damage)
             ... in an ice cave on Dec 9, 2020.
             The game lasted 00:57:02 (16976 turns).

timneilson the Thaumaturge (Deep Elf Conjurer)     Turns: 16976, Time: 00:57:03

Health: -3/102     AC:  6    Str:  6    XL:     12   Next: 56%
Magic:  2/30       EV: 17    Int: 35    God:    Vehumet [****..]
Gold:   919        SH: 11    Dex: 13    Spells: 3/35 levels left

rFire    . . .     SeeInvis .   t - staff of cold
rCold    + + .     Faith    .   i - +1 buckler
rNeg     + . .     Spirit   .   a - +0 robe
rPois    .         Reflect  +   (no helmet)
rElec    .         Harm     .   E - +0 cloak
rCorr    .         Rampage  .   (no gloves)
Will     +....                  y - +2 pair of boots of Gozag's Castigation {rN+ Str+2}
Stlth    ..........             s - amulet of reflection
HPRegen  0.27/turn              H - ring of protection from cold
MPRegen  0.22/turn              l - +6 ring of intelligence

@: berserking, attractive, flying, hasted, very quick
A: no striking features
a: Renounce Religion


You were in an ice cave.
You worshipped Vehumet.
Vehumet was greatly pleased with you.
You visited 3 branches of the dungeon, and saw 16 of its levels.
You also visited: Ice Cave.

You collected 919 gold pieces.

Inventory:

Hand Weapons
 f - a +4 mace
Armour
 a - a +0 robe (worn)
 i - a +1 buckler (worn)
 y - the +2 pair of boots of Gozag's Castigation (worn) {rN+ Str+2}
   (You found it on level 7 of the Dungeon)

   It affects your strength (+2).
   It protects you from negative energy.
 E - a +0 cloak (worn)
Magical Staves
 t - an uncursed staff of cold (weapon)
Jewellery
 d - an uncursed ring of willpower
 l - a +6 ring of intelligence (right hand)
 s - an amulet of reflection (around neck)
 v - an uncursed ring of flight
 z - an uncursed ring of see invisible
 D - an uncursed amulet of magic regeneration
 H - a ring of protection from cold (left hand)
 L - an uncursed ring of stealth
 Q - an uncursed ring of wizardry
Wands
 q - a wand of acid (8)
 x - a wand of random effects (20)
 B - a wand of digging (5)
 G - a wand of paralysis (13)
 J - a wand of polymorph (3)
 N - a wand of flame (12)
Scrolls
 k - 3 scrolls of enchant weapon
 m - 6 scrolls of remove curse
 n - 4 scrolls of fog
 o - 5 scrolls of teleportation
 w - 5 scrolls of fear
 K - 2 scrolls of blinking
 P - 3 scrolls of enchant armour
Potions
 b - 8 potions of curing
 c - 6 potions of lignification
 e - a potion of resistance
 g - a potion of mutation
 h - 2 potions of might
 A - a potion of ambrosia {unknown}
 C - a potion of flight
 F - a potion of invisibility {unknown}
 I - a potion of cancellation {unknown}
 M - a potion of brilliance {unknown}
 O - a potion of magic {unknown}


   Skills:
 + Level 5.3 Fighting
 + Level 8.4 Dodging
 - Level 5.0 Stealth
 + Level 5.3 Shields
 * Level 12.3 Spellcasting
 * Level 11.1 Conjurations
 - Level 5.0 Hexes
 - Level 5.0 Translocations
 + Level 4.4 Fire Magic
 + Level 4.5 Air Magic
 - Level 5.0 Earth Magic
 + Level 6.3 Evocations


You had 3 spell levels left.
You knew the following spells:

 Your Spells              Type           Power        Failure   Level
a - Magic Dart            Conj           ####         0%          1
b - Searing Ray           Conj           ######       1%          2
c - Fulminant Prism       Conj/Hex       ######....   1%          4
d - Iskenderun's Mystic   Conj/Tloc      ######..     1%          4
e - Sandblast             Erth           ######       1%          1
f - Shock                 Conj/Air       ####         1%          1
g - Inner Flame           Hex/Fire       ######..     1%          3
h - Leda's Liquefaction   Hex/Erth       ######....   2%          4
i - Airstrike             Air            ######....   1%          4
j - Tukima's Dance        Hex            ######..     1%          3
k - Lightning Bolt        Conj/Air       ######....   1%          5

Your spell library contained the following spells:

 Spells                   Type           Power        Failure   Level
 Corona                   Hex            ######.      1%          1
 Ensorcelled Hibernation  Hex/Ice        ######       1%          2
 Slow                     Hex            ######..     1%          2
 Confusing Touch          Hex            ######..     1%          3
 Dazzling Flash           Conj/Hex       ######       1%          3
 Portal Projectile        Hex/Tloc       ######       1%          3
 Cause Fear               Hex            ######....   2%          4


Dungeon Overview and Level Annotations

Branches:
Dungeon (11/15)            Temple (1/1) D:7            Lair (5/6) D:8
    Orc (0/2) D:11          IceCv (1/1)
  Swamp: Lair:2-4    Shoals: Lair:2-4     Snake: Lair:2-4    Spider: Lair:2-4
  Slime: Lair:5-6

Altars:
Ashenzari
Cheibriados
Dithmenos
Elyvilon
Fedhas
Gozag
Hepliaklqana
Kikubaaqudgha
Makhleb
Nemelex Xobeh
Okawaru
Qazlal
Ru
Sif Muna
Trog
Uskayaw
Vehumet
Wu Jian
Xom
Yredelemnul
Zin
The Shining One

Annotations:
D:7 3 runed translucent doors, Monica's ghost, novice DgFi
D:8 2 transporters
Lair:1 exclusion: oklob plant


Message History

It was a potion of attraction.
You feel attractive to monsters. The ice dragon is pulled toward you!
It was a potion of berserk rage.
A red film seems to cover your vision as you go berserk!
You feel yourself moving faster!
You feel mighty!
You hit the ice dragon but do no damage.
The ice dragon is severely wounded.
The ice dragon bites you!
* * * LOW HITPOINT WARNING * * *
The ice dragon barely misses you. You block the ice dragon's attack.
You hit the ice dragon but do no damage.
The ice dragon is severely wounded.
You block the ice dragon's attack. The ice dragon claws you!
* * * LOW HITPOINT WARNING * * *
The ice dragon barely misses you.
You hit the ice dragon.
The ice dragon is severely wounded.
The ice dragon closely misses you. The ice dragon claws you.
You die...

##..##
#..##
#...##
##...##
##...#
##...#
#...##
##.D.##
##..@..##
#...∩...#
#.......#
##..∩..##
##...##
#####


You could see an ice dragon.

Vanquished Creatures
  2 hydras
  An ice dragon (IceCv)
  2 two-headed ogres
  Sonja (Lair:5)
  Pikel (D:7)
  2 black mambas (Lair:3)
  2 ice statues (IceCv)
  A gargoyle (D:10)
  8 cane toads
  4 rime drakes
  A komodo dragon (Lair:1)
  A hornet (D:8)
  A polar bear (Lair:3)
  5 blink frogs (Lair:1)
  4 dream sheep (Lair:5)
  A vampire (D:9)
  A wraith (D:10)
  A wyvern (Lair:5)
  3 yaks (Lair:1)
  2 basilisks
  Edmund (D:4)
  Menkaure (D:4)
  2 wargs (D:8)
  5 water moccasins
  8 sky beasts
  7 orc warriors
  14 ice beasts (IceCv)
  4 phantoms
  8 wolves (Lair:3)
  3 ogres
  7 centaurs
  4 lemures (D:7)
  A big kobold (D:7)
  11 bullfrogs
  A wyvern skeleton (D:3)
  3 troll zombies (D:11)
  6 scorpions
  A water moccasin skeleton (D:11)
  An electric eel (Lair:1)
  20 wights
  7 howler monkeys
  4 hounds
  3 jellies
  A bullfrog zombie (D:11)
  4 orc priests
  12 orc wizards
  An iguana (D:9)
  2 worker ants
  3 ogre zombies (D:11)
  A hound skeleton (D:8)
  2 howler monkey zombies
  3 gnolls (D:6)
  A howler monkey skeleton (D:4)
  12 adders
  3 shadow imps
  3 white imps
  3 oozes
  2 adder skeletons
  2 worms
  4 dart slugs
  4 leopard geckos
  33 orcs
  8 bats
  5 giant cockroaches
  6 goblins
  5 hobgoblins
  10 jackals
  A quokka (D:7)
  8 frilled lizards
  2 goblin skeletons (D:11)
  A goblin zombie (D:11)
  2 hobgoblin skeletons (D:11)
  2 hobgoblin zombies (D:11)
  16 kobolds
  An orc skeleton (D:11)
  10 orc zombies (D:11)
  A quokka zombie (D:5)
  10 rats
350 creatures vanquished.

Vanquished Creatures (others)
  A fulminant prism (D:10)
  13 fungi
  25 plants
39 creatures vanquished.

Grand Total: 389 creatures vanquished

Notes
Turn   | Place    | Note
-------+----------+-------------------------------------------
     0 | D:1      | timneilson the Deep Elf Conjurer began the quest for the
                  | Orb.
     0 | D:1      | Reached XP level 1. HP: 10/10 MP: 6/6
   238 | D:1      | Reached XP level 2. HP: 15/15 MP: 6/8
   243 | D:1      | Learned a level 2 spell: Searing Ray
   860 | D:1      | Reached XP level 3. HP: 20/20 MP: 8/10
  1039 | D:2      | Found a shadowy altar of Dithmenos.
  1545 | D:2      | Found a sparkling altar of Nemelex Xobeh.
  1841 | D:3      | Reached skill level 4 in Spellcasting
  1841 | D:3      | Reached skill level 5 in Conjurations
  1841 | D:3      | Reached XP level 4. HP: 15/24 MP: 3/12
  2245 | D:3      | Found a sacrificial altar of Ru.
  2508 | D:3      | Reached skill level 1 in Fighting
  2508 | D:3      | Reached XP level 5. HP: 29/29 MP: 10/13
  2513 | D:3      | Learned a level 4 spell: Fulminant Prism
  2518 | D:3      | Learned a level 4 spell: Iskenderun's Mystic Blast
  3274 | D:3      | Reached skill level 1 in Shields
  3410 | D:4      | Noticed Edmund
  3455 | D:4      | Killed Edmund
  3456 | D:4      | Reached skill level 1 in Hexes
  3456 | D:4      | Reached skill level 1 in Translocations
  3456 | D:4      | Reached XP level 6. HP: 19/34 MP: 7/15
  3689 | D:4      | Noticed Menkaure
  3694 | D:4      | Killed Menkaure
  3695 | D:4      | Reached skill level 5 in Spellcasting
  4052 | D:4      | Reached XP level 7. HP: 36/38 MP: 12/17
  4234 | D:5      | Entered Level 5 of the Dungeon
  4724 | D:5      | Reached skill level 6 in Spellcasting
  5465 | D:5      | Found a burning altar of Makhleb.
  5541 | D:5      | Found a bloodstained altar of Trog.
  5596 | D:6      | Reached XP level 8. HP: 39/44 MP: 15/19
  5727 | D:6      | Found an ornate altar of the Wu Jian Council.
  5727 | D:6      | Found a glowing silver altar of Zin.
  5763 | D:6      | Found a shimmering altar of Xom.
  5954 | D:6      | Got a faintly glowing leather armour
  6422 | D:7      | Reached skill level 1 in Evocations
  6808 | D:7      | Found a staircase to the Ecumenical Temple.
  6819 | Temple   | Entered the Ecumenical Temple
  6883 | Temple   | Became a worshipper of Vehumet
  7018 | D:7      | Reached skill level 5 in Stealth
  7021 | D:7      | Got a pair of crude boots
  7058 | D:7      | Reached skill level 7 in Spellcasting
  7145 | D:7      | Reached skill level 5 in Dodging
  7465 | D:7      | Reached XP level 9. HP: 49/49 MP: 14/22
  7587 | D:7      | Found a runed translucent gate.
  7587 | D:7      | Found a runed translucent gate.
  7587 | D:7      | Found a runed translucent gate.
  7591 | D:7      | Noticed Monica's ghost (novice DgFi)
  7672 | D:7      | Found a shadowy altar of Dithmenos.
  7873 | D:7      | Noticed Pikel
  7880 | D:7      | Killed Pikel
  7881 | D:7      | Reached skill level 8 in Spellcasting
  7885 | D:7      | Identified the +2 pair of boots of Gozag's Castigation {rN+
                  | Str+2} (You found it on level 7 of the Dungeon)
  8144 | D:8      | Found a transporter.
  8190 | D:8      | Reached * piety under Vehumet
  8190 | D:8      | Offered knowledge of Sandblast by Vehumet.
  8193 | D:8      | Learned a level 1 spell: Sandblast
  8541 | D:8      | Reached skill level 5 in Hexes
  8552 | D:8      | Reached skill level 9 in Spellcasting
  8620 | D:8      | Found a blossoming altar of Fedhas.
  8831 | D:8      | Found a transporter.
  8870 | D:8      | Reached XP level 10. HP: 56/56 MP: 19/25
  9306 | D:8      | Identified the +1 leather armour of Crawling {rC+ Will+
                  | Int-5} (You found it on level 6 of the Dungeon)
  9315 | D:8      | Reached ** piety under Vehumet
  9315 | D:8      | Offered knowledge of Shock by Vehumet.
  9319 | D:8      | Learned a level 1 spell: Shock
  9531 | D:8      | Found a staircase to the Lair.
  9843 | D:8      | Noticed a two-headed ogre
  9850 | D:8      | Killed a two-headed ogre
  9851 | D:8      | Reached skill level 1 in Air Magic
  9851 | D:8      | Reached skill level 1 in Earth Magic
  9925 | D:8      | Found a shimmering blue altar of Sif Muna.
 10166 | D:9      | Noticed a two-headed ogre
 10175 | D:9      | Killed a two-headed ogre
 10176 | D:9      | Reached skill level 5 in Translocations
 10850 | D:9      | Found a snail-covered altar of Cheibriados.
 10861 | D:9      | Learned a level 3 spell: Inner Flame
 10866 | D:9      | Learned a level 4 spell: Leda's Liquefaction
 10916 | D:10     | Entered Level 10 of the Dungeon
 10991 | D:10     | Reached skill level 10 in Spellcasting
 11576 | D:10     | Reached skill level 1 in Fire Magic
 11584 | D:10     | Found a sacrificial altar of Ru.
 11636 | D:10     | Noticed a gargoyle
 12031 | D:11     | Offered knowledge of Mephitic Cloud by Vehumet.
 12303 | D:11     | Reached *** piety under Vehumet
 12304 | D:11     | Reached XP level 11. HP: 31/61 MP: 24/27
 12660 | D:11     | Noticed a seven-headed hydra
 12680 | D:11     | Found a staircase to the Orcish Mines.
 12693 | D:11     | Offered knowledge of Airstrike by Vehumet.
 12828 | D:11     | Noticed a white ugly thing
 13085 | Lair:1   | Entered Level 1 of the Lair of Beasts
 13243 | Lair:1   | Learned a level 4 spell: Airstrike
 13247 | Lair:1   | Learned a level 3 spell: Tukima's Dance
 13289 | Lair:1   | Reached skill level 5 in Evocations
 13517 | Lair:1   | Noticed a seven-headed hydra
 13525 | Lair:1   | Killed a seven-headed hydra
 13534 | Lair:1   | Reached skill level 10 in Conjurations
 13571 | Lair:1   | Reached **** piety under Vehumet
 13572 | Lair:1   | Reached skill level 11 in Spellcasting
 13703 | Lair:1   | Noticed an oklob plant
 14168 | Lair:2   | Got a twisted robe
 14225 | Lair:2   | Identified the +0 robe of Xuason {Str+6} (You found it on
                  | level 2 of the Lair of Beasts)
 15645 | Lair:3   | Reached XP level 12. HP: 43/68 MP: 0/29
 15934 | Lair:3   | Offered knowledge of Lightning Bolt by Vehumet.
 15938 | Lair:3   | Reached skill level 5 in Shields
 15980 | Lair:3   | You fall into a shaft and drop 2 floors!
 15992 | Lair:5   | Reached skill level 5 in Fighting
 16000 | Lair:5   | Noticed an eight-headed hydra
 16006 | Lair:5   | Killed an eight-headed hydra
 16015 | Lair:5   | Noticed a four-headed hydra
 16030 | Lair:5   | Learned a level 5 spell: Lightning Bolt
 16043 | Lair:5   | Noticed Sonja
 16055 | Lair:5   | Found a frozen archway.
 16068 | Lair:5   | Killed Sonja
 16069 | Lair:5   | Reached skill level 12 in Spellcasting
 16090 | IceCv    | Entered an ice cave
 16909 | IceCv    | Noticed an ice dragon
 16910 | IceCv    | Noticed an ice dragon
 16917 | IceCv    | Killed an ice dragon
 16918 | IceCv    | Reached skill level 5 in Earth Magic
 16975 | IceCv    | HP: 1/102 [ice dragon (7)]
 16976 | IceCv    | Slain by an ice dragon

Illustrated notes

Levels and vault maps discovered:
D:1:      dpeg_arrival_arbitrary_b, layout_basic, minmay_ruptured
D:2:      layout_basic, lemuel_round_altar,
          nicolae_dithmenos_through_a_glass_darkly
D:3:      layout_loops_corners, nicolae_ru_path_of_blood, minmay_three_crescents
D:4:      layout_rooms, uniq_menkaure, uniq_edmund
D:5:      layout_basic, lightli_temple_of_fire, marbit_many_paths
D:6:      layout_basic, general_overflow_altar, gammafunk_temple_overflow_statue
D:7:      layout_basic, lemuel_round_altar, minmay_temple_entry_grid,
          gammafunk_ghost_split, uniq_pikel
D:8:      gammafunk_cloud_chamber, layout_cave_pods, lemuel_doored_altar,
          fedhas_altar_3, erik_lair_orcish_takeover
D:9:      layout_long_grid, kennysheep_little_box
D:10:     layout_basic, lemuel_altar_in_water
D:11:     layout_irregular_city, zombieorc1_lemuel
Temple:   grunt_temple_mini_profane
Lair:1:   layout_chaotic_city, minmay_lair_oklob_chamber,
          infiniplex_staircase_pool, lemuel_fruit_fields, grunt_megastairs_1
Lair:2:   layout_hall_layers, serial_forest, infiniplex_forest_lined_1,
          infiniplex_forest_lined_corner, infiniplex_forest_clump_diagonal,
          infiniplex_forest_end_3, serial_bayou_shore_a, lemuel_fruit_tree
Lair:3:   layout_hall_layers, dummy_snake_entry
Lair:5:   cheibrodos_lair_river_kwai, layout_gridlike, serial_forest,
          infiniplex_forest_straight_2, infiniplex_forest_clump_small,
          infiniplex_forest_side_room, infiniplex_forest_straight_3,
          infiniplex_forest_diagonal, infiniplex_forest_straight_2,
          infiniplex_forest_corner_2, portal_ice_cave_rime,
          minmay_shattered_shrine, uniq_sonja
IceCv:    ice_cave_small_dragons

Skill      XL: |  1  2  3  4  5  6  7  8  9 10 11 12 |
---------------+-------------------------------------+-----
Dodging        | 3 4 5 6 7 8 |  8.4
Stealth        | 3 4 5 |  5.0
Spellcasting   | 4 5 6 7 9 10 11 12 | 12.3
Conjurations   | 5 6 7 8 9 10 11 | 11.1
Fighting       | 1 2 3 4 5 |  5.3
Shields        | 1 2 3 4 5 |  5.3
Hexes          | 1 2 3 5 |  5.0
Translocations | 1 2 3 4 5 |  5.0
Evocations     | 2 3 4 5 6 |  6.3
Air Magic      | 2 3 4 |  4.5
Earth Magic    | 2 4 5 |  5.0
Fire Magic     | 1 3 4 |  4.4

Action                   |  1- 3 |  4- 6 |  7- 9 | 10-12 || total
-------------------------+-------+-------+-------+-------++-------
Melee: Mace              |       |    25 |       |       ||    25
       Staff             |       |       |    14 |    14 ||    28
 Cast: Magic Dart        |    62 |    43 |    95 |    92 ||   292
       Searing Ray       |     5 |    19 |    63 |   120 ||   207
       Iskenderun's Myst |       |       |     5 |    45 ||    50
       Fulminant Prism   |       |       |       |     1 ||     1
       Airstrike         |       |       |       |    28 ||    28
       Lightning Bolt    |       |       |       |     4 ||     4
Evoke: Wand              |       |       |       |     6 ||     6
  Use: Scroll            |     8 |     4 |     5 |    10 ||    27
       Potion            |       |     1 |       |    12 ||    13
Armor: Skin              |       |    24 |       |       ||    24
       Robe              |       |       |     3 |    26 ||    29
Dodge: Dodged            |     2 |     7 |    19 |   117 ||   145
Block: Buckler           |       |       |     6 |   116 ||   122
       Reflection        |       |       |       |    23 ||    23

Table legend: (Time is in decaauts)
 A = Elapsed time spent in this place.
 B = Non-inter-level travel time spent in this place.
 C = Inter-level travel time spent in this place.
 D = Time resting spent in this place.
 E = Time spent auto-exploring this place.
 F = Levels seen in this place.
 G = Mean time per level.
                   A        B        C        D        E       F      G
               +--------+--------+--------+--------+--------+-----+--------+
         Total |  16990 |  16411 |    579 |   1935 |  11506 |  17 |  999.4 |
       Dungeon |  12903 |  12379 |    524 |   1241 |   8847 |  11 | 1173.0 |
        Temple |    189 |    168 |     21 |      0 |    163 |   1 |  189.0 |
          Lair |   3012 |   2979 |     33 |    128 |   2384 |   4 |  753.0 |
      Ice Cave |    884 |    884 |      0 |    566 |    112 |   1 |  884.0 |
               +--------+--------+--------+--------+--------+-----+--------+

Top non-repeatable levels by time:
     D:7: 1898 daAuts
     D:8: 1566 daAuts
     D:3: 1406 daAuts
     D:5: 1354 daAuts
  Lair:2: 1163 daAuts
     D:2: 1153 daAuts
    D:10: 1069 daAuts
  Lair:1: 1068 daAuts
     D:9: 1064 daAuts
     D:1: 1027 daAuts
    D:11: 897 daAuts
   IceCv: 884 daAuts
     D:6: 808 daAuts
  Lair:3: 671 daAuts
     D:4: 656 daAuts
